 Dungeon Crawl Stone Soup version 0.22-a0-422-g9628fc87f1 (webtiles) character file.

1335 Kriby the Cleaver (level 8, -2/70 HPs)
             Began as a Hill Orc Fighter on May 17, 2018.
             Was an Initiate of Beogh.
             Slain by Prince Ribbit (11 damage)
             ... on level 5 of the Dungeon.
             The game lasted 00:03:57 (4434 turns).

Kriby the Cleaver (Hill Orc Fighter)                Turns: 4434, Time: 00:03:57

Health: -2/70      AC: 13    Str: 21    XL:     8   Next: 61%
Magic:  8/8        EV: 11    Int:  8    God:    Beogh [......]
Gold:   212        SH: 10    Dex: 15    Spells: 7/7 levels left

rFire    . . .     SeeInvis .   a - +0 war axe
rCold    + . .     Gourm    .   c - +0 shield
rNeg     . . .     Faith    .   r - +0 plate armour
rPois    .         Spirit   .   u - +0 helmet
rElec    .         Reflect  .   (no cloak)
rCorr    .         Harm     .   (no gloves)
MR       .....                  (no boots)
Stlth    ..........             (no amulet)
HPRegen  0.21/turn              o - ring of protection from cold
MPRegen  0.11/turn              (no ring)

@: agile
A: no striking features
a: Renounce Religion


You were on level 5 of the Dungeon.
You worshipped Beogh.
Beogh was noncommittal.
You were not hungry.

You visited 1 branch of the dungeon, and saw 5 of its levels.

You collected 212 gold pieces.

Inventory:

Hand Weapons
 a - a +0 war axe (weapon)
Armour
 c - a +0 shield (worn)
 r - a +0 plate armour (worn)
 u - a +0 helmet (worn)
Jewellery
 o - a ring of protection from cold (left hand)
Wands
 q - a wand of flame (53)
Scrolls
 b - a scroll of blinking {unknown}
 e - 3 scrolls of identify {unknown}
 g - a scroll of noise {unknown}
 j - 4 scrolls of enchant armour {unknown}
 m - 8 scrolls of teleportation {unknown}
 n - 8 scrolls of remove curse {unknown}
 w - a scroll of fog {unknown}
 x - a scroll of magic mapping {unknown}
Potions
 d - a potion of might
 i - a potion of haste {unknown}
 l - 2 potions of flight {unknown}
 p - 2 potions of heal wounds {unknown}
 s - 2 potions of mutation {unknown}
 v - a potion of cancellation {unknown}
Comestibles
 f - 8 rations


   Skills:
 + Level 6.2 Fighting
 * Level 8.2 Axes
 + Level 5.6 Armour
 + Level 3.1 Dodging
 + Level 5.5 Shields


You had 7 spell levels left.
You didn't know any spells.
Your spell library contained the following spells:

 Spells                   Type           Power        Failure   Level  Hunger
 Spider Form              Tmut/Pois      #.........   100%        3    ####...
 Blade Hands              Tmut           #.........   100%        5    ######.
 Ice Form                 Ice/Tmut       #.......     100%        4    #####..
 Sticks to Snakes         Tmut           #.......     100%        2    ###....
 Beastly Appendage        Tmut           #.....       100%        1    ##.....


Dungeon Overview and Level Annotations

Branches:
Dungeon (5/15)
 Temple: D:4-7

Altars:
Elyvilon
Fedhas
Hepliaklqana
Makhleb
Ru
Trog
Uskayaw
The Shining One

Annotations:
D:5 Prince Ribbit


Message History

The puff of flame hits Prince Ribbit.
Prince Ribbit is moderately wounded.
Evoke which item? (* to show all) (? for menu, Esc to quit)
Aiming: Throw Flame
Press: ? - help, Shift-Dir - straight line, f/p - Prince Ribbit
Aim: Prince Ribbit (moderately wounded)
The puff of flame hits Prince Ribbit.
Prince Ribbit is heavily wounded.
You closely miss Prince Ribbit.
Prince Ribbit is heavily wounded.
Prince Ribbit hits you.
* * * LOW HITPOINT WARNING * * *
You block Prince Ribbit's attack.
All of the chunks of flesh in your inventory have rotted away.
You hit Prince Ribbit.
Prince Ribbit is severely wounded.
You block Prince Ribbit's attack. Prince Ribbit hits you!
* * * LOW HITPOINT WARNING * * *
You feel better. Prince Ribbit hits you!
You die...

##.......#######
###..............#
#.....†....#####.###
#.##.......# #.>.##
#.########## ###..###
..######.# ##...#
.........### ###<.
.######....##########
### # #.#....@.......
#. ##.#....F.......
#.. #..#.........###
#... #.##.........#
#....##.##.^.......#
#.......##.........#
#....#....!...........
#..........####.##.###
###.#......# .# .#


You could see Prince Ribbit.

Vanquished Creatures
  Pikel (D:4)
  Grinder (D:3)
  Eustachio (D:4)
  Duvessa (D:4)
  An orc warrior (D:4)
  Dowan (D:4)
  A scorpion (D:5)
  3 hounds (D:4)
  A jelly (D:5)
  An orc wizard (D:2)
  Ijyb (D:4)
  Robin (D:3)
  A hound skeleton (D:4)
  A gnoll (D:4)
  6 adders
  3 worms
  4 dart slugs
  2 leopard geckos (D:3)
  5 orcs
  20 giant cockroaches
  17 goblins
  12 hobgoblins
  8 jackals
  3 quokkas
  3 ball pythons
  8 bats
  2 frilled lizards
  A jackal skeleton (D:4)
  4 kobolds
  3 rats
117 creatures vanquished.

Vanquished Creatures (others)
  A slave (D:4)
  An orc priest (D:4)
  An orc wizard (D:4)
  4 orcs (D:4)
  A jackal (D:4)
8 creatures vanquished.

Grand Total: 125 creatures vanquished

Notes
Turn   | Place    | Note
-------+----------+-------------------------------------------
     0 | D:1      | Kriby the Hill Orc Fighter began the quest for the Orb.
     0 | D:1      | Reached XP level 1. HP: 19/19 MP: 1/1
    34 | D:1      | Reached skill level 3 in Axes
   114 | D:1      | Reached XP level 2. HP: 11/27 MP: 2/2
   671 | D:1      | Reached XP level 3. HP: 33/33 MP: 3/3
  1039 | D:2      | Reached skill level 1 in Dodging
  1039 | D:2      | Reached XP level 4. HP: 23/40 MP: 4/4
  1260 | D:2      | Found a white marble altar of Elyvilon.
  1376 | D:2      | Reached skill level 4 in Axes
  1857 | D:2      | Found a sacrificial altar of Ru.
  1882 | D:2      | Reached XP level 5. HP: 35/46 MP: 5/5
  2034 | D:2      | Found a glowing golden altar of the Shining One.
  2220 | D:3      | Found a hide-covered altar of Uskayaw.
  2275 | D:3      | Found a hazy altar of Hepliaklqana.
  2275 | D:3      | Found a blossoming altar of Fedhas.
  2578 | D:3      | Noticed Grinder
  2580 | D:3      | Paralysed by Grinder for 4 turns
  2585 | D:3      | Paralysed by Grinder for 4 turns
  2609 | D:3      | Killed Grinder
  2609 | D:3      | Reached skill level 5 in Axes
  2609 | D:3      | Reached XP level 6. HP: 41/55 MP: 6/6
  2796 | D:3      | Found a bloodstained altar of Trog.
  2975 | D:3      | Found a glowing golden altar of the Shining One.
  3018 | D:3      | Noticed Robin
  3038 | D:3      | Killed Robin
  3514 | D:4      | Became a worshipper of Beogh the Brigand
  3524 | D:4      | Noticed an orc warrior
  3525 | D:4      | Noticed a slave
  3526 | D:4      | Noticed a slave
  3526 | D:4      | Noticed Ijyb
  3526 | D:4      | Noticed a slave
  3527 | D:4      | Noticed Pikel
  3539 | D:4      | Reached skill level 6 in Axes
  3539 | D:4      | Reached XP level 7. HP: 60/60 MP: 7/7
  3546 | D:4      | Reached skill level 5 in Fighting
  3560 | D:4      | Killed Pikel
  3560 | D:4      | Reached skill level 7 in Axes
  3560 | D:4      | Reached skill level 5 in Armour
  3560 | D:4      | Reached skill level 5 in Shields
  3560 | D:4      | Reached XP level 8. HP: 61/70 MP: 8/8
  3565 | D:4      | Killed Ijyb
  3717 | D:4      | Noticed Duvessa
  3718 | D:4      | Noticed Dowan
  3722 | D:4      | Killed Duvessa
  3732 | D:4      | Killed Dowan
  3890 | D:4      | Found a burning altar of Makhleb.
  3892 | D:4      | Noticed a balrug
  4050 | D:4      | Noticed Eustachio
  4070 | D:4      | Killed Eustachio
  4070 | D:4      | Reached skill level 8 in Axes
  4261 | D:5      | Entered Level 5 of the Dungeon
  4403 | D:5      | Noticed Prince Ribbit
  4433 | D:5      | HP: 2/70 [Prince Ribbit (10)]
  4434 | D:5      | Slain by Prince Ribbit

Vault maps used:
D:1:      evilmike_arrival_plus
D:2:      minmay_roachtagon, lemuel_coloured_pillars_altar, elyvilon_altar_3,
          serial_curves, eino_curves_04, eino_curves_01, roderic_roman_lattice,
          eino_tiny_chamber, nicolae_ru_great_annihilating_truth
D:3:      nicolae_overflow_hidden_temple, bloody_trog,
          gammafunk_temple_overflow_elements, nicolae_tso_carved_into_rock,
          uniq_robin, uniq_grinder
D:4:      makhleb_altar_promises_db, solitary_fountain, cheibrodos_gnoll_hut,
          uniq_duvessa, uniq_ijyb, uniq_pikel, uniq_eustachio
D:5:      first_ration, kennysheep_generic_room_16, uniq_prince_ribbit1

Skill      XL: |  1  2  3  4  5  6  7  8 |
---------------+-------------------------+-----
Axes           | 3 4 5 6 7 8 |  8.2
Fighting       | 4 5 6 |  6.2
Dodging        | 1 2 3 |  3.1
Shields        | 4 5 |  5.5
Armour         | 4 5 |  5.6

Action                   |  1- 3 |  4- 6 |  7- 9 || total
-------------------------+-------+-------+-------++-------
Melee: War axe           |   117 |   193 |   108 ||   418
Invok: Convert to Beogh  |       |     1 |       ||     1
Evoke: Wand              |       |     7 |     9 ||    16
  Use: Potion            |       |       |     3 ||     3
  Eat: Chunk             |     1 |     8 |     3 ||    12
Armor: Scale mail        |    81 |     3 |       ||    84
       Plate armour      |       |   127 |    68 ||   195
Dodge: Dodged            |    51 |    30 |    27 ||   108
Block: Shield            |    81 |   116 |    60 ||   257

Table legend:
 A = Spawn XP
 B = Non-spawn XP
 C = Spawn XP percentage of total XP
 D = Spawn monster count
 E = Non-spawn monster count
 F = Spawn count percentage of total count
 G = Total turns spent on level
                    A         B        C        D         E        F      G
               +---------+---------+-------+---------+---------+-------+---------
         Total |       0 |    1908 |   0.0 |       0 |     117 |   0.0 |  4434
               +---------+---------+-------+---------+---------+-------+---------
           D:1 |       0 |      42 |   0.0 |       0 |      23 |   0.0 |   932
           D:2 |       0 |     128 |   0.0 |       0 |      29 |   0.0 |  1283
           D:3 |       0 |     404 |   0.0 |       0 |      38 |   0.0 |  1204
           D:4 |       0 |    1225 |   0.0 |       0 |      25 |   0.0 |   842
           D:5 |       0 |     109 |   0.0 |       0 |       2 |   0.0 |   173
               +---------+---------+-------+---------+---------+-------+---------
